 Dungeon Crawl Stone Soup version 0.30-b1-2-g02819fbbbe (webtiles) character file.

Game seed: 6159716357802462217

36 Fluut the Chiller (level 3, -1/19 HPs)
             Began as a Deep Elf Ice Elementalist on Oct 5, 2023.
             Slain by a gnoll
             ... wielding a +3 whip
              (3 damage)
             ... on level 2 of the Dungeon.
             The game lasted 00:04:58 (1237 turns).

Fluut the Chiller (Deep Elf Ice Elementalist)       Turns: 1237, Time: 00:04:59

Health: -1/19      AC:  2    Str:  5    XL:     3   Next: 19%
Magic:  5/10       EV: 13    Int: 21    God:
Gold:   124        SH:  0    Dex: 15    Spells: 8/9 levels left

rFire   . . .        e - +0 spear
rCold   . . .        (no shield)
rNeg    . . .        a - +0 robe
rPois   .            (no helmet)
rElec   .            (no cloak)
rCorr   .            (no gloves)
SInv    .            (no boots)
Will    .....        (no amulet)
Stlth   ++           (no ring)
HPRegen 0.23/turn    (no ring)
MPRegen 0.12/turn

%: no passive effects
@: no status effects
A: no striking features
a: no special abilities


You were on level 2 of the Dungeon.
You visited 1 branch of the dungeon, and saw 2 of its levels.

You collected 144 gold pieces.
You spent 20 gold pieces at shops.

Inventory:

Hand Weapons
 e - a +0 spear (weapon)
 g - a +0 dagger
Missiles
 f - 5 atropa-tipped darts
Armour
 a - a +0 robe (worn)
Scrolls
 c - 2 scrolls of butterflies
 d - a scroll of magic mapping
 j - a scroll of immolation {unknown}
 k - a scroll of vulnerability {unknown}
 l - a scroll of blinking {unknown}
 n - a scroll of enchant weapon {unknown}
Potions
 b - a potion of magic
 h - a potion of attraction
 i - a potion of heal wounds {unknown}
 m - 2 potions of flight {unknown}
 o - 2 potions of invisibility {unknown}


   Skills:
 * Level 3.2 Dodging
 + Level 2.9 Stealth
 * Level 3.8 Spellcasting
 + Level 4.6 Ice Magic


You had 8 spell levels left.
You knew the following spells:

 Your Spells              Type           Power      Damage    Failure   Level
a - Freeze                Ice            92%        1d9       1%          1

Your spell library contained the following spells:

 Spells                   Type           Power      Damage    Failure   Level
 Frozen Ramparts          Ice            46%        1d7       5%          3
 Ozocubu's Armour         Ice            23%        N/A       5%          3
 Summon Ice Beast         Ice/Summ       13%        N/A       43%         4


Dungeon Overview and Level Annotations

Branches:
Dungeon (2/15)

Altars:

Shops:
D:1 ?*


Message History

Aiming: Freeze (safe; 2% risk of failure)
Press: ? - help, Shift-Dir - straight line, f/p - gnoll
Aim: a gnoll, wielding a +0 club and quivering a throwing net (lightly wounded)
You freeze the gnoll.
The gnoll is severely wounded.
The bat closely misses you. The bat barely misses you.
The gnoll hits you with a +0 club.
Casting: Freeze (safe; 2% risk of failure)
Confirm with . or Enter, or press ? or * to list all spells.
Aiming: Freeze (safe; 2% risk of failure)
Press: ? - help, Shift-Dir - straight line, f/p - gnoll
Aim: a gnoll, wielding a +0 club and quivering a throwing net (severely wounded)
You freeze the gnoll!
You kill the gnoll!
The bat completely misses you. The bat hits you but does no damage.
You have reached level 3!
Your experience leads to an increase in your attributes!
Increase (S)trength, (I)ntelligence, or (D)exterity?
You feel clever. x2
Casting: Freeze (safe; 1% risk of failure)
Confirm with . or Enter, or press ? or * to list all spells.
Aiming: Freeze (safe; 1% risk of failure)
Press: ? - help, Shift-Dir - straight line, f - gnoll
Aim: a gnoll, wielding a +3 whip You freeze the gnoll.
The gnoll is moderately wounded.
The bat hits you but does no damage. The gnoll hits you with a +3 whip.
* * * LOW HITPOINT WARNING * * *
The bat barely misses you.
Casting: Freeze (safe; 1% risk of failure)
Confirm with . or Enter, or press ? or * to list all spells.
Aiming: Freeze (safe; 1% risk of failure)
Press: ? - help, Shift-Dir - straight line, f/p - gnoll
Aim: a gnoll, wielding a +3 whip (moderately wounded)
You freeze the gnoll.
The gnoll is heavily wounded.
The bat hits you.
* * * LOW HITPOINT WARNING * * *
The gnoll hits you with a +3 whip.
You die...

... .#... .....###
..#... # ..#... #
#.#....##.#
#.#g##†...#
#.#..g##...#####
###.#.#b@.##......
#####
...#.###.##..###.
#.... #..#.#
#....## #.#.#.###
..#.# ##..##
#.#.#.# #.#.# #..#
#.#.#.# #.#.#
#..#####.#.#.#
#.†.#
##.#.....#.#.#
#.#†##
#.#.....#.#.#
#.#..##
#..####.#.#.###


You could see 2 gnolls and a bat.

Vanquished Creatures
  A gnoll (D:2)
  An adder (D:2)
  A dart slug (D:1)
  2 bats (D:1)
  3 goblins
  3 jackals (D:2)
  A quokka (D:1)
  A frilled lizard (D:2)
  3 rats
16 creatures vanquished.

Notes
Turn   | Place    | Note
-------+----------+-------------------------------------------
     0 | D:1      | Fluut the Deep Elf Ice Elementalist began the quest for the
                  | Orb.
     0 | D:1      | Reached XP level 1. HP: 10/10 MP: 6/6
   189 | D:1      | Found Popniwed's General Store.
   466 | D:1      | Reached XP level 2. HP: 15/15 MP: 4/8
   661 | D:1      | Found Miphexki's Magic Scroll Shoppe.
   875 | D:1      | Bought a scroll of identify for 20 gold pieces
  1236 | D:2      | Reached XP level 3. HP: 8/19 MP: 7/10
  1237 | D:2      | Slain by a gnoll

Illustrated notes

Levels and vault maps discovered:
D:1:      dpeg_arrival_snail, layout_basic, serial_shops, nicolae_shop_crystal,
          nicolae_shop_rolled_up, hangedman_decor_push
D:2:      layout_basic, serial_shops, nicolae_shop_crystal, minmay_tetromino_o2

Skill      XL: |  1  2 |
---------------+-------+-----
Dodging        | 3 |  3.2
Stealth        | |  2.9
Spellcasting   | |  3.8
Ice Magic      | |  4.6

Action                     || total
---------------------------++-------
  Melee: Spear             ||    12
   Cast: Freeze            ||    25
    Use: Scroll            ||     3
   Stab: Sleeping          ||     3
 Armour: Robe              ||     5
  Dodge: Dodged            ||    22
